 Dungeon Crawl Stone Soup version 0.29-a0-563-g64e4043184 (webtiles) character file.

Game seed: 8268890109897879484

2055679 magipi the Hawkeye (level 27, 147/147 HPs)
             Began as a Gargoyle Berserker on June 9, 2022.
             Was a High Priest of Trog.
             Escaped with the Orb
             ... and 4 runes on June 11, 2022!
             The game lasted 05:01:14 (88265 turns).

magipi the Hawkeye (Gargoyle Berserker)            Turns: 88265, Time: 05:01:15

Health: 147/147    AC: 58    Str: 28    XL:     27
Magic:  23/23      EV: 22    Int: 11    God:    Trog [*****.]
Gold:   4298       SH: 27    Dex: 17    Spells: 26/26 levels left

rFire   + + +      SeeInvis +   a - +8 demon trident "Poycel" {freeze, Drain rElec rN+++ Dex-2}
rCold   + . .      Faith    .   h - +5 kite shield {rF+}
rNeg    + + +      Spirit   +   L - +11 chain mail "Yschi" {Int+2 SInv}
rPois   ∞          Reflect  .   E - +2 helmet
rElec   +          Harm     .   e - scarf {rC+ rF+}
rCorr   +          Rampage  .   q - +2 pair of gloves
Will    +++..                   f - +2 pair of boots of Hide-and-Seek {rN+ rCorr Slay+3}
Stlth   ..........              r - brooch of Shielding {Spirit SH+8}
HPRegen 0.34/turn               m - ring of willpower
MPRegen 0.18/turn               v - ring of Tuelev {EV+4 Str+4}

@: flying, studying 2 skills
A: sickness immunity, AC +20, big wings, negative energy resistance 1,
electricity resistance, torment resistance 1, petrification resistance, hooves
1, fire resistance 1, frail 2
0: Orb of Zot
}: 4/15 runes: decaying, serpentine, slimy, silver
a: Renounce Religion, Berserk, Trog's Hand, Brothers in Arms


You escaped.
You worshipped Trog.
Trog was extremely pleased with you.
You visited 11 branches of the dungeon, and saw 56 of its levels.
You visited the Abyss 1 time.
You visited 1 bazaar.
You also visited: Gauntlet and Ice Cave.

You collected 11080 gold pieces.
You spent 6782 gold pieces at shops.

Inventory:

Hand Weapons
 a - the +8 demon trident "Poycel" (weapon) {freeze, Drain rElec rN+++ Dex-2}
   (You acquired it on level 5 of the Lair of Beasts)

   It freezes those it strikes, dealing additional cold damage.
   It can also slow down cold-blooded creatures.
   Dex:       It affects your dexterity (-2).
   rElec:     It insulates you from electricity.
   rN:        It renders you almost immune to negative energy.
   Drain:     It drains your maximum health when unequipped.
Missiles
 o - 11 silver boomerangs
 I - 26 boomerangs
 P - 13 silver javelins
 Q - 11 javelins
 W - 29 curare-tipped darts
 Z - 3 throwing nets (quivered)
Armour
 e - a scarf of resistance (worn)
   (You found it on level 1 of the Dungeon)
 f - the +2 pair of boots of Hide-and-Seek (worn) {rN+ rCorr Slay+3}
   (You acquired it on level 15 of the Dungeon)

   Slay:      It affects your accuracy & damage with ranged weapons and melee
   (+3).
   rN:        It protects you from negative energy.
   rCorr:     It protects you from acid and corrosion.
 h - a +5 kite shield of fire resistance (worn)
   (You took it off a naga warrior on level 1 of the Snake Pit)
 q - a +2 pair of gloves (worn)
   (You found it on level 1 of the Dungeon)
 E - a +2 helmet (worn)
   (You found it on level 2 of the Vaults)
 L - the +11 chain mail "Yschi" (worn) {Int+2 SInv}
   (You found it on level 3 of the Elven Halls)

   Int:       It affects your intelligence (+2).
   SInv:      It lets you see invisible.
Jewellery
 m - a ring of willpower (left hand)
   (You took it off a fenstrider witch on level 3 of the Swamp)
 r - the brooch of Shielding (around neck) {Spirit SH+8}
   (You found it on level 4 of the Depths)

   [amulet of guardian spirit]

   It causes incoming damage to be divided between your reserves of health and
   magic.
   SH:        It affects your SH (+8).
 v - the ring of Tuelev (right hand) {EV+4 Str+4}
   (You acquired it on level 9 of the Dungeon)

   [ring of evasion]

   EV:        It affects your evasion (+4).
   Str:       It affects your strength (+4).
Wands
 c - a wand of polymorph (32)
   (You found it on level 6 of the Lair of Beasts)
 d - a wand of digging (2)
   (You found it on level 4 of the Lair of Beasts)
 g - a wand of flame (74)
   (You found it on level 7 of the Dungeon)
 j - a wand of mindburst (14)
   (You found it on level 2 of the Swamp)
 F - a wand of charming (42)
   (You found it on level 4 of the Dungeon)
 S - a wand of iceblast (32)
   (You found it on level 3 of the Lair of Beasts)
 U - a wand of paralysis (19)
   (You found it on level 2 of the Lair of Beasts)
Scrolls
 b - 2 scrolls of blinking
 s - 13 scrolls of fog
 z - 9 scrolls of magic mapping
 A - 3 scrolls of summoning
 B - 9 scrolls of poison
 C - 13 scrolls of teleportation
 J - 5 scrolls of silence
 M - 9 scrolls of fear
 O - 4 scrolls of immolation
 V - 10 scrolls of noise
Potions
 n - 12 potions of heal wounds
 p - 2 potions of resistance
 t - 6 potions of magic
 u - 2 potions of mutation
 w - 24 potions of curing
 y - 7 potions of lignification
 G - 3 potions of haste
 H - 6 potions of cancellation
 K - 13 potions of ambrosia
 T - a potion of might
Miscellaneous
 x - a tin of tremorstones (2/2)
   (You found it on level 3 of the Elven Halls)
 D - a box of beasts
   (You found it on level 3 of the Elven Halls)
 N - a phial of floods
   (You found it on level 3 of the Vaults)
 R - a condenser vane
   (You found it on level 1 of the Lair of Beasts)


   Skills:
 - Level 22.0 Fighting
 - Level 13.5(16.0) Axes
 - Level 14.0(16.2) Polearms
 + Level 22.5 Throwing
 - Level 20.0 Armour
 - Level 18.0 Dodging
 - Level 15.0 Shields
 - Level 22.0 Evocations


You had 26 spell levels left.
You didn't know any spells.
Your spell library contained the following spells:

 Spells                   Type           Power      Damage    Failure   Level
 Apportation              Tloc           0%         N/A       87%         1
 Beastly Appendage        Tmut           0%         N/A       87%         1
 Foxfire                  Conj/Fire      0%         2x1d4     87%         1
 Magic Dart               Conj           0%         1d3       87%         1
 Necrotize                Necr           0%         1d4       87%         1
 Summon Small Mammal      Summ           0%         N/A       87%         1
 Blink                    Tloc           0%         N/A       95%         2
 Ensorcelled Hibernation  Hex/Ice        0%         N/A       95%         2
 Passwall                 Tmut/Erth      0%         N/A       95%         2
 Poisonous Vapours        Pois/Air       0%         N/A       95%         2
 Scorch                   Fire           0%         2d5       95%         2
 Searing Ray              Conj           0%         2d4       95%         2
 Static Discharge         Conj/Air       0%         N/A       95%         2
 Wereblood                Tmut           0%         N/A       95%         2
 Call Canine Familiar     Summ           0%         N/A       99%         3
 Confusing Touch          Hex            0%         N/A       99%         3
 Conjure Flame            Conj/Fire      0%         6-21      99%         3
 Dazzling Flash           Conj/Hex       0%         N/A       99%         3
 Gell's Gravitas          Tloc           0%         N/A       99%         3
 Ignite Poison            Fire/Tmut/Pois 0%         N/A       99%         3
 Inner Flame              Hex/Fire       0%         N/A       99%         3
 Lesser Beckoning         Tloc           0%         N/A       99%         3
 Mephitic Cloud           Conj/Pois/Air  0%         N/A       99%         3
 Ozocubu's Armour         Ice            0%         N/A       99%         3
 Portal Projectile        Hex/Tloc       0%         N/A       99%         3
 Spider Form              Tmut/Pois      0%         N/A       99%         3
 Stone Arrow              Conj/Erth      0%         3d7       99%         3
 Summon Guardian Golem    Hex/Summ       0%         N/A       99%         3
 Teleport Other           Tloc           0%         N/A       99%         3
 Tukima's Dance           Hex            0%         N/A       99%         3
 Vampiric Draining        Necr           0%         2d6       99%         3
 Anguish                  Hex/Necr       0%         N/A       100%        4
 Animate Armour           Summ/Erth      0%         N/A       100%        4
 Animate Dead             Necr           0%         N/A       100%        4
 Cause Fear               Hex            0%         N/A       100%        4
 Corpse Rot               Necr/Pois/Air  0%         N/A       100%        4
 Dispel Undead            Necr           0%         3d6       100%        4
 Flame Wave               Conj/Fire      0%         2d4       100%        4
 Fulminant Prism          Conj/Hex       0%         3d6       100%        4
 Hailstorm                Conj/Ice       0%         3d3       100%        4
 Ice Form                 Ice/Tmut       0%         N/A       100%        4
 Iskenderun's Mystic Bla  Conj/Tloc      0%         2d3       100%        4
 Leda's Liquefaction      Hex/Erth       0%         N/A       100%        4
 Passage of Golubria      Tloc           0%         N/A       100%        4
 Petrify                  Tmut/Erth      0%         N/A       100%        4
 Sticky Flame             Conj/Fire      0%         2d3       100%        4
 Summon Lightning Spire   Summ/Air       0%         N/A       100%        4
 Agony                    Necr           0%         N/A       100%        5
 Alistair's Intoxication  Tmut/Pois      0%         N/A       100%        5
 Blade Hands              Tmut           0%         N/A       100%        5
 Borgnjor's Vile Clutch   Necr/Erth      0%         N/A       100%        5
 Freezing Cloud           Conj/Ice/Air   0%         6-21      100%        5
 Irradiate                Conj/Tmut      0%         3d13      100%        5
 Lee's Rapid Deconstruct  Erth           0%         3d5*      100%        5
 Lightning Bolt           Conj/Air       0%         1d11      100%        5
 Manifold Assault         Tloc           0%         N/A       100%        5
 Metabolic Englaciation   Hex/Ice        0%         N/A       100%        5
 Summon Mana Viper        Hex/Summ       0%         N/A       100%        5
 Yara's Violent Unravell  Hex/Tmut       0%         3d3       100%        5
 Death Channel            Necr           0%         N/A       100%        6
 Dispersal                Tloc           0%         N/A       100%        6
 Eringya's Noxious Bog    Tmut/Pois      0%         N/A       100%        6
 Simulacrum               Ice/Necr       0%         N/A       100%        6
 Starburst                Conj/Fire      0%         6d3       100%        6
 Summon Cactus Giant      Summ           0%         N/A       100%        6
 Dragon Form              Tmut           0%         N/A       100%        7
 Enfeeble                 Hex            0%         N/A       100%        7
 Haunt                    Necr/Summ      0%         N/A       100%        7
 Malign Gateway           Summ/Tloc      0%         N/A       100%        7
 Ozocubu's Refrigeration  Ice            0%         4d5       100%        7
 Storm Form               Tmut/Air       0%         N/A       100%        7
 Summon Hydra             Summ           0%         N/A       100%        7
 Infestation              Necr           0%         N/A       100%        8
 Lehudib's Crystal Spear  Conj/Erth      0%         10d2      100%        8
 Maxwell's Capacitive Co  Air            0%         ∞         100%        8
 Summon Horrible Things   Summ           0%         N/A       100%        8
 Dragon's Call            Summ           0%         N/A       100%        9
 Sublimation of Blood     Necr           Unusable   N/A       N/A         2
 Statue Form              Tmut/Erth      Unusable   N/A       N/A         6

Dungeon Overview and Level Annotations

Branches:
Dungeon (15/15)            Temple (0/1) D:7            Lair (6/6) D:9
  Swamp (4/4) Lair:4        Snake (4/4) Lair:4        Slime (5/5) Lair:6
    Orc (2/2) D:9             Elf (3/3) Orc:2        Vaults (5/5) D:13
  Crypt (3/3) Vaults:2       Tomb (0/3) Crypt:3      Depths (4/4) D:15
    Zot (5/5) Depths:4      IceCv (visited)         Gauntlet (visited)

Altars:
Elyvilon
Fedhas
Gozag
Hepliaklqana
Kikubaaqudgha
Makhleb
Ru
Sif Muna
Vehumet
Yredelemnul
Beogh
Jiyva
Lugonu

Shops:
D:1 (   D:2 :!(?   D:7 ?   D:13 (:[   Orc:2 [:([   Elf:1 [   Elf:3 =[(:(
Snake:1 =:=   Snake:3 ((=   Vaults:1 *   Vaults:3 *   Vaults:5 *[   Depths:4 (

Portals:
Hell: Depths:1 Depths:2 Depths:3 Depths:4
Abyss: D:5 Depths:3
Pandemonium: Depths:1 Depths:2 Depths:4
Ziggurat: Depths:4
Trove: D:13 (give 7 scrolls of fear)

Annotations:
D:12 3 runed translucent doors
Orc:2 1 runed translucent door
Elf:2 3 runed translucent doors, 1 exclusion


Innate Abilities, Weirdness & Mutations

You are immune to sickness and miasma.
Your stone body is resilient. (AC +20)
You are immune to poison.
Your large and strong wings let you fly.
You resist negative energy. (rN+)
You are resistant to electric shocks. (rElec)
You are resistant to unholy torment.
You are immune to petrification.
You have large cloven feet.
Your flesh is heat resistant. (rF+)
You are very frail. (-20% HP)


Message History

Your deep troll rages.
Your deep troll rages.
You see here a +0 club.
Your deep troll rages.
HP restored.
Your deep troll is no longer berserk.
Your deep troll disappears in a puff of smoke!
There is a stone staircase leading up here.
You fly upwards.
There is a stone staircase leading down here.
You feel yourself speed up.
There is a stone staircase leading up here.
You fly upwards.
There is a stone staircase leading down here.
You recover from your berserk rage.
A Hell Sentinel comes into view.
Your ogre goes berserk!
You completely miss the Hell Sentinel.
Unknown command.
You hit the Hell Sentinel.
The Hell Sentinel is lightly wounded.
The Hell Sentinel closely misses you.
The Hell Sentinel hits you but does no damage.
Unknown command.
You hit the Hell Sentinel but do no damage.
The Hell Sentinel is lightly wounded.
Your ogre hits the Hell Sentinel with a +0 giant club!!
You block the Hell Sentinel's attack.
The Hell Sentinel hits you but does no damage.
Unknown command.
You puncture the Hell Sentinel!
The Hell Sentinel is moderately wounded.
Your ogre hits the Hell Sentinel with a +0 giant club!!
Unknown command.
You hit the Hell Sentinel but do no damage.
The Hell Sentinel is heavily wounded.
The Hell Sentinel hits you but does no damage.
You block the Hell Sentinel's attack.
Your ogre hits the Hell Sentinel with a +0 giant club!!
Unknown command.
You catch the helpless Hell Sentinel completely off-guard!
You hit the Hell Sentinel.
The Hell Sentinel is severely wounded.
The Hell Sentinel gestures at you. You block the iron shot.
Unknown command.
You hit the Hell Sentinel but do no damage.
The Hell Sentinel is severely wounded.
Your ogre hits the Hell Sentinel with a +0 giant club!!
Unknown command.
You completely miss the Hell Sentinel.
The Hell Sentinel is almost dead.
You block the Hell Sentinel's attack. x2
Your ogre barely misses the Hell Sentinel.
Unknown command.
You impale the Hell Sentinel!!
You kill the Hell Sentinel!
Trog accepts your kill.
A Brimstone Fiend comes into view.
Unknown command.
The Brimstone Fiend hits you but does no damage.
You block the Brimstone Fiend's attack.
The Brimstone Fiend hits you but does no damage.
You impale the Brimstone Fiend!! You freeze the Brimstone Fiend!
The Brimstone Fiend is moderately wounded.
Your ogre hits the Brimstone Fiend with a +0 giant club!!
Unknown command.
You impale the Brimstone Fiend!! You freeze the Brimstone Fiend!!
You kill the Brimstone Fiend!
Trog accepts your kill.
Unknown command.
Your ogre rages.
Your ogre rages.
Your ogre rages.
Your ogre rages.
Your ogre rages.
Your ogre is no longer berserk.
You impale the plant!!
The plant begins to die.
You freeze the plant.
The plant is lightly damaged.
You puncture the plant! You freeze the plant.
The plant is moderately damaged.
You impale the plant!! You freeze the plant.
The plant is moderately damaged.
You impale the plant!! You freeze the plant.
The plant is heavily damaged.
You impale the plant!! You freeze the plant!
The plant is severely damaged.
Your ogre hits the plant with a +0 giant club!
You impale the plant!! You freeze the plant.
The plant is almost destroyed.
Your ogre disappears in a puff of smoke!
You puncture the plant! You freeze the plant.
You destroy the plant!
There is a staircase leading out of the dungeon here.
Unknown command.
Unknown command.
Unknown command.
Unknown command.
Unknown command.
You have escaped! #PPPPPPPPPPPPPPP....# #. #PPPPPPPPPPPPPPP....# #. #PPPPP.....PPPPP....# #. #PPP..PPPPP..PPP....#

#. ###P...PP...PPP.PP....# ##
...PP†PP.PPP.PP.PP....#
...P.PP.PP.PP.PP.P....#
.....P.PP.P.PP.P.P....###########
.....P.P.PPP....@................
........P.P.PP.P.P###############
...P.PP.PP.PP.PP.P###############
...PP.PP.PPP.PP.PP#..............
...P...PP...PPP.PP#.#############


...PPP..PPPPP..PPP#.# #...... ...PPPPP.....PPPPP#.# #.#####
...PPPPPPPPPPPPPPP#.# #.# #. ...PPPPPPPPPPPPPPP#.# #.# #. There were no monsters
in sight!

Vanquished Creatures
  the Royal Jelly (Slime:5)
  Khufu (Vaults:2)
  7 orbs of fire
  6 dread liches
  6 ancient liches
  A juggernaut (Depths:3)
  14 Killer Klowns
  Bai Suzhen (Swamp:2)
  2 curse toes (Zot:5)
  7 golden dragons
  Nikola (Swamp:1)
  Jory (Crypt:3)
  4 electric golems
  2 Brimstone Fiends
  A Tzitzimitl (D:3)
  21 tentacled monstrosities
  A Hell Sentinel (D:1)
  6 liches
  A walking divine tome (Depths:3)
  A deep elf master archer (Elf:3)
  28 Orb Guardians
  4 deep elf blademasters
  22 acid blobs
  7 quicksilver dragons
  3 ancient champions
  11 death cobs
  5 sphinxes
  An Executioner (Depths:2)
  2 tentacled starspawn (Abyss:5)
  2 thorn hunters
  2 draconian monks
  15 storm dragons
  8 tengu reavers
  8 shadow dragons
  13 nagarajas
  A revenant (Crypt:2)
  Donald (Orc:2)
  15 azure jellies
  3 fenstrider witches
  6 draconian knights
  7 rockslimes
  8 frost giants
  4 fire giants
  7 deep elf sorcerers
  3 balrugs
  4 iron dragons
  6 ghouls (Crypt:2)
  A curse skull (Crypt:3)
  4 draconian scorchers
  21 vault wardens
  3 orc warlords
  The ghost of Crownlay the Severer, a journeyman HOFi of Okawaru (Lair:6)
  An angel (D:12)
  4 deep elf elementalists (Elf:3)
  5 draconian stormcallers
  19 ironbound preservers
  5 draconian shifters
  8 quicksilver oozes
  5 draconian annihilators
  2 reapers
  8 ghost moths
  5 war gargoyles
  20 very ugly things
  13 green draconians
  A rockslime zombie (Crypt:2)
  20 stone giants
  7 vampire knights
  6 eleionomae
  11 deep elf demonologists
  12 black draconians
  7 ironbound thunderhulks
  4 dire elephants
  9 red draconians
  7 deep elf annihilators
  5 bunyips
  2 entropy weavers
  15 white draconians
  11 spark wasps
  14 purple draconians
  15 yellow draconians
  A green death (Depths:2)
  4 eidola
  3 shambling mangroves
  9 deep elf death magi
  A blizzard demon (Depths:2)
  13 ettins
  Josephine (Lair:6)
  11 great orbs of eyes
  10 fire dragons
  5 jiangshi
  9 yaktaur captains
  Erolcha (D:11)
  3 deep elf high priests
  2 quicksilver dragon skeletons
  A spriggan zombie (Crypt:1)
  A hell beast (Zot:3)
  2 spriggan air magi
  39 vault guards
  19 centaur warriors
  A peacekeeper (Vaults:2)
  2 spriggan skeletons (Crypt:1)
  4 rakshasas
  A ghost crab (Swamp:4)
  16 hydras
  14 ice dragons
  3 ogre magi
  5 salamander tyrants
  6 boulder beetles
  10 two-headed ogres
  13 anacondas
  An anaconda (shapeshifter) (Vaults:5)
  10 deep troll shamans
  A catoblepas (Lair:6)
  5 death yaks
  A death knight (D:14)
  16 naga warriors
  2 tengu warriors
  7 alligators
  12 ironbound frosthearts
  4 thrashing horrors (Abyss:5)
  15 dancing weapons
  3 orc high priests
  8 deep troll earth magi
  8 vampire magi
  28 hell knights
  2 soul eaters
  A spriggan berserker (D:15)
  A shock serpent (shapeshifter) (Elf:1)
  5 shock serpents
  13 naga sharpshooters
  10 iron trolls
  13 deep elf knights
  Sonja (D:11)
  2 sun demons (Depths:3)
  A shadow wraith (Crypt:2)
  3 salamander mystics
  A wretched star (Abyss:5)
  25 skeletal warriors
  Lodul (D:11)
  52 deep trolls
  A sea snake (Snake:1)
  9 goliath frogs
  5 spriggan druids
  A golden dragon zombie (Vaults:3)
  An orange crystal statue (Elf:1)
  17 ironbound convokers
  11 deep elf archers
  6 glowing orange brains
  13 flayed ghosts
  A quicksilver dragon simulacrum (Crypt:1)
  10 swamp dragons
  A bunyip skeleton (Crypt:3)
  9 naga ritualists
  A lindwurm (Vaults:1)
  2 spectral hydras (Swamp:4)
  2 large abominations (Abyss:5)
  17 phantasmal warriors
  3 orc knights
  12 wizards
  A shadow dragon zombie (Crypt:1)
  5 bog bodies
  18 deep elf zephyrmancers
  An anaconda skeleton (Abyss:5)
  12 mana vipers
  5 necromancers
  52 ugly things
  4 orc sorcerers
  A wolf spider (D:13)
  2 oklob plants (Swamp:4)
  21 deep elf pyromancers
  4 manticores
  7 cyclopes
  11 elephants
  22 salamanders
  A fire giant zombie (Vaults:3)
  3 shining eyes
  A will-o-the-wisp (Swamp:3)
  Maurice (D:8)
  27 moths of wrath
  10 guardian serpents
  2 black mambas (shapeshifter)
  49 black mambas
  12 cane toads
  A torpor snail (Lair:3)
  An ice statue (IceCv)
  15 vault sentinels
  3 centaur skeletons (Crypt:1)
  A stone giant skeleton (Crypt:3)
  A steelbarb worm zombie (Crypt:2)
  12 naga magi
  4 eyes of devastation
  4 gargoyles
  2 smoke demons (Crypt:3)
  A swamp worm zombie (Crypt:2)
  4 kobold demonologists
  An unseen horror (D:12)
  5 rime drakes
  A dire elephant skeleton (Crypt:3)
  6 komodo dragons
  4 freezing wraiths
  A hellion (Abyss:5)
  8 tengu conjurers
  A hellwing (D:8)
  A red draconian skeleton (Crypt:1)
  42 yaktaurs
  5 guardian mummies
  7 red devils (Crypt:3)
  8 trolls
  A catoblepas skeleton (Crypt:2)
  A death drake zombie (Swamp:4)
  A hydra zombie (Swamp:4)
  9 tyrant leeches
  17 hornets
  21 polar bears
  2 harpy skeletons (Crypt:3)
  A slime creature (shapeshifter) (Vaults:5)
  3 hydra skeletons (Swamp:4)
  A dream sheep (shapeshifter) (Vaults:5)
  A culicivora (shapeshifter) (Vaults:5)
  72 slime creatures
  16 dream sheep (Lair:6)
  3 raiju (Abyss:3)
  11 blink frogs
  2 fire dragon zombies (Crypt:1)
  Sigmund (D:5)
  A jumping spider (Vaults:3)
  A guardian serpent skeleton (Crypt:1)
  A centaur simulacrum (D:13)
  2 ynoxinuls
  15 spriggans
  A black mamba zombie (Crypt:1)
  A vampire (D:10)
  7 flying skulls
  A wyvern (shapeshifter) (Abyss:5)
  A dire elephant simulacrum (Crypt:1)
  8 air elementals
  8 basilisks
  16 wraiths
  4 wyverns
  3 shadows (Crypt:3)
  Eustachio (D:3)
  A human (D:8)
  7 fire elementals
  50 yaks
  A chaos spawn (Abyss:5)
  3 hogs (D:8)
  7 golden eyes
  A basilisk (shapeshifter) (D:15)
  A neqoxec (Abyss:5)
  11 vampire mosquitoes
  A steam dragon (Lair:5)
  41 nagas
  14 swamp worms
  7 wargs
  2 acid dragons
  A naga (shapeshifter) (Elf:2)
  4 hydra simulacra (Swamp:4)
  19 hell hounds
  A naga skeleton (Crypt:1)
  13 water moccasins
  A floating eye (Depths:2)
  3 swamp drakes
  39 orc warriors
  4 sky beasts
  14 black bears
  A floating eye zombie (Crypt:2)
  3 ice beasts
  3 swamp dragon zombies
  An elf simulacrum (Vaults:3)
  14 ogres
  5 boggarts
  74 wolves
  A hog zombie (Crypt:2)
  3 small abominations (Abyss:5)
  6 centaurs
  A swamp dragon skeleton (Swamp:4)
  4 kobold brigands
  8 bullfrogs
  An earth elemental (Elf:1)
  6 necrophages
  3 scorpions
  A glowing shapeshifter simulacrum (Vaults:3)
  5 wights
  A polar bear zombie (Crypt:2)
  10 killer bees (D:8)
  A human simulacrum (Vaults:3)
  A troll zombie (Crypt:1)
  The ghost of QuickerDeath the Insei, a weakling MfTm (D:3)
  8 electric eels
  A wolf skeleton (Crypt:1)
  A bullfrog skeleton (Crypt:1)
  2 human zombies
  9 jellies
  23 orc priests
  3 gnoll shamans
  6 hounds
  5 iguanas
  37 orc wizards
  An acid dragon skeleton (Crypt:1)
  11 mummies
  19 gnolls
  5 adders
  2 shadow imps
  A white imp (D:6)
  2 worms
  2 dart slugs
  96 orcs
  6 bats
  5 endoplasms
  5 giant cockroaches
  14 goblins
  5 hobgoblins
  16 kobolds
  A quokka (D:2)
  7 ball pythons
  2 frilled lizards
  A frilled lizard zombie (Crypt:2)
  3 rats
  2 lurking horrors (D:5)
  A plant (D:1)
2483 creatures vanquished.

Vanquished Creatures (collateral kills)
  Mennas (Vaults:5)
  Sojobo (Depths:3)
  Saint Roka (Vaults:1)
  Rupert (D:14)
  2 tengu reavers
  An azure jelly (Slime:5)
  2 rockslimes (Slime:5)
  Louise (Snake:4)
  2 ironbound preservers
  A stone giant (Depths:3)
  A vampire knight (Depths:3)
  Azrael (Orc:2)
  A bunyip (Swamp:3)
  Snorg (Orc:2)
  A jiangshi (Crypt:2)
  A fire dragon (Depths:3)
  A vault guard (Vaults:1)
  An anaconda (Snake:4)
  Erica (D:9)
  2 death yaks (IceCv)
  A shock serpent (Snake:4)
  A spriggan druid (Swamp:4)
  A wizard (D:14)
  An oklob plant (Swamp:4)
  An ugly thing (D:14)
  2 gargoyles (Crypt:3)
  2 black mambas (Snake:4)
  A rime drake (Lair:3)
  5 polar bears (IceCv)
  4 blink frogs (Lair:3)
  A wraith (Crypt:2)
  2 yaks (IceCv)
  A fire elemental (Orc:2)
  A naga (Snake:4)
  An orc warrior (Orc:2)
  A wolf (D:9)
  A hound (D:8)
  An orc priest (Orc:2)
  An orc (Orc:2)
53 creatures vanquished.

Vanquished Creatures (others)
  A deep elf knight (Elf:2)
  A wizard (Vaults:1)
  A phantasmal warrior (Crypt:2)
  A deep elf zephyrmancer (Elf:1)
  A deep elf pyromancer (Elf:1)
  A moth of wrath (Zot:4)
  2 bloated husks (Swamp:1)
  A flying skull (Crypt:2)
  A fire elemental (Elf:1)
  5 swamp worms
  A kobold brigand (D:13)
  A small abomination (Abyss:5)
  A jelly (Slime:1)
  6 briar patches (Swamp:4)
  A butterfly (Depths:1)
  40 fungi
  150 plants
  8 starspawn tentacles (Abyss:5)
  2 withered plants (D:3)
225 creatures vanquished.

Grand Total: 2761 creatures vanquished

Notes
Turn   | Place    | Note
-------+----------+-------------------------------------------
     0 | D:1      | magipi the Gargoyle Berserker began the quest for the Orb.
     0 | D:1      | Reached XP level 1. HP: 14/14 MP: 1/1
   226 | D:1      | Reached XP level 2. HP: 16/19 MP: 2/2
   692 | D:1      | Reached XP level 3. HP: 23/23 MP: 3/3
  1237 | D:1      | Found Socwev's Weapon Boutique.
  1480 | D:2      | Found Utowivokh's Book Shoppe.
  1699 | D:2      | Reached ** piety under Trog
  1812 | D:2      | Found a faded altar of an unknown god.
  1869 | D:2      | Found Neugh's Weapon Shoppe.
  1874 | D:2      | Found Kasuar's Magic Scroll Shop.
  1888 | D:2      | Bought a scroll of teleportation for 39 gold pieces
  1888 | D:2      | Bought a scroll of magic mapping for 45 gold pieces
  1966 | D:2      | Found Casik's Distillery.
  1973 | D:2      | Reached XP level 4. HP: 27/29 MP: 4/4
  1989 | D:2      | Bought a potion of curing for 42 gold pieces
  2387 | D:3      | Found a runed translucent door.
  2388 | D:3      | Noticed QuickerDeath's ghost (weakling MfTm)
  2722 | D:4      | Noticed a black bear
  2739 | D:4      | Killed a black bear
  2740 | D:4      | Reached XP level 5. HP: 33/33 MP: 5/5
  2824 | D:4      | Noticed a black bear
  2843 | D:4      | Reached XP level 6. HP: 39/39 MP: 6/6
  2848 | D:4      | Killed a black bear
  3113 | D:4      | Reached skill level 5 in Polearms
  3131 | D:4      | Found a hazy altar of Hepliaklqana.
  3254 | D:4      | Noticed Eustachio
  3419 | D:5      | Entered Level 5 of the Dungeon
  3422 | D:5      | Found a one-way gate to the infinite horrors of the Abyss.
  3422 | D:5      | Found a corrupted altar of Lugonu.
  3616 | D:5      | Reached skill level 5 in Fighting
  3616 | D:5      | Reached XP level 7. HP: 44/44 MP: 7/7
  3679 | D:5      | Noticed Sigmund
  3693 | D:5      | Killed Sigmund
  3814 | D:5      | Reached skill level 5 in Armour
  3823 | D:5      | Reached XP level 8. HP: 16/51 MP: 8/8
  5115 | D:6      | Reached *** piety under Trog
  5491 | D:6      | Reached XP level 9. HP: 51/56 MP: 9/9
  6096 | D:7      | Found a staircase to the Ecumenical Temple.
  6392 | D:7      | Found Hoh Usk's Magic Scroll Emporium.
  6395 | D:7      | Bought a scroll of identify for 22 gold pieces
  6395 | D:7      | Bought a scroll of identify for 22 gold pieces
  6395 | D:7      | Bought a scroll of identify for 22 gold pieces
  6395 | D:7      | Bought a scroll of magic mapping for 38 gold pieces
  6395 | D:7      | Bought a scroll of identify for 22 gold pieces
  6704 | D:7      | Reached skill level 1 in Evocations
  6919 | D:7      | Found a staircase to the Ecumenical Temple.
  6948 | D:7      | Found Hoh Usk's Magic Scroll Emporium.
  7388 | D:8      | Identified a scroll of acquirement
  7445 | D:8      | Acquired a manual of Fighting
  7694 | D:8      | Reached skill level 1 in Throwing
  7828 | D:8      | Reached XP level 10. HP: 61/64 MP: 10/10
  8370 | D:8      | Reached **** piety under Trog
  8485 | D:8      | Noticed Maurice
  8497 | D:8      | Killed Maurice
  8626 | D:9      | Found a staircase to the Orcish Mines.
  8872 | D:9      | Noticed Erica
  8884 | D:9      | Reached skill level 10 in Polearms
  8934 | D:9      | Killed Erica
  8935 | D:9      | Reached skill level 10 in Fighting
  8935 | D:9      | Reached XP level 11. HP: 22/72 MP: 11/11
  9627 | D:9      | Found a staircase to the Lair.
  9658 | D:9      | Acquired the ring of Tuelev {EV+4 Str+4}
  9821 | D:10     | Entered Level 10 of the Dungeon
 10186 | D:10     | Noticed a two-headed ogre
 10210 | D:10     | Killed a two-headed ogre
 10641 | D:11     | Noticed a two-headed ogre
 10641 | D:11     | Noticed a two-headed ogre
 10672 | D:11     | Killed a two-headed ogre
 10678 | D:11     | Killed a two-headed ogre
 10839 | D:11     | Noticed a manticore
 10848 | D:11     | Killed a manticore
 10998 | D:11     | Noticed Erolcha
 11015 | D:11     | Reached skill level 5 in Evocations
 11028 | D:11     | Killed Erolcha
 11029 | D:11     | Reached skill level 5 in Throwing
 11414 | D:11     | Noticed a two-headed ogre
 11414 | D:11     | Noticed a green ugly thing
 11447 | D:11     | Killed a two-headed ogre
 11448 | D:11     | Reached XP level 12. HP: 80/80 MP: 12/12
 11639 | D:11     | Found the +12 pair of quick blades "Gyre" and "Gimble"
                  | {protect}
 11678 | D:11     | Noticed Sonja
 11681 | D:11     | Killed Sonja
 11744 | Lair:1   | Entered Level 1 of the Lair of Beasts
 11861 | Lair:1   | Found a gate leading to a gauntlet.
 11892 | Gauntlet | Entered a Gauntlet
 11892 | Gauntlet | Found a transporter.
 11892 | Gauntlet | Found a transporter.
 11894 | Gauntlet | Noticed a tengu warrior
 11900 | Gauntlet | Found a transporter.
 11904 | Gauntlet | Found a transporter.
 11909 | Gauntlet | Noticed a catoblepas
 11912 | Gauntlet | Found a transporter.
 11916 | Gauntlet | Found a transporter.
 11925 | Gauntlet | Found a transporter.
 11938 | Gauntlet | Noticed a death scarab
 11940 | Gauntlet | Found a transporter.
 11942 | Gauntlet | Noticed a death scarab
 11955 | Gauntlet | Found a transporter.
 11959 | Gauntlet | Found a transporter.
 11970 | Gauntlet | Found a transporter.
 11971 | Gauntlet | Found a transporter.
 12175 | Lair:1   | Reached skill level 10 in Armour
 12877 | Lair:1   | Reached skill level 1 in Shields
 12954 | Lair:2   | You fall into a shaft and drop 2 floors!
 13009 | Lair:3   | Noticed a seven-headed hydra
 13033 | Lair:3   | Killed a seven-headed hydra
 14117 | Lair:2   | Reached XP level 13. HP: 78/86 MP: 13/13
 14579 | Lair:3   | Reached ***** piety under Trog
 15317 | Lair:3   | Received a gift from Trog
 15625 | Lair:4   | Found a staircase to the Snake Pit.
 15703 | Lair:4   | Found a staircase to the Swamp.
 16227 | Lair:5   | Found a frozen archway.
 16244 | IceCv    | Entered an ice cave
 16301 | IceCv    | Reached skill level 5 in Shields
 16907 | IceCv    | Noticed a frost giant
 16935 | IceCv    | Gained mutation: Your large and strong wings let you fly.
                  | [Gargoyle growth]
 16935 | IceCv    | Reached XP level 14. HP: 92/92 MP: 14/14
 16939 | IceCv    | Killed a frost giant
 17237 | IceCv    | Identified the ring of Ciehum {rElec SInv}
 17810 | Lair:6   | Entered Level 6 of the Lair of Beasts
 17929 | Lair:6   | Reached skill level 5 in Dodging
 18124 | Lair:6   | Found a runed translucent door.
 18126 | Lair:6   | Noticed Josephine
 18177 | Lair:6   | Killed Josephine
 18177 | Lair:6   | Received a gift from Trog
 18395 | Lair:6   | Acquired a +1 vampiric demon trident
 18512 | Lair:5   | Acquired the +8 demon trident "Poycel" {freeze, Drain rElec
                  | rN+++ Dex-2}
 19004 | Lair:6   | Found a runed translucent door.
 19004 | Lair:6   | Found a viscous altar of Jiyva.
 19005 | Lair:6   | Noticed an acid blob
 19005 | Lair:6   | Noticed an acid blob
 19008 | Lair:6   | Found a staircase to the Slime Pits.
 19184 | Lair:6   | Noticed Crownlay's ghost (journeyman HOFi)
 19184 | Lair:6   | Identified the +10 trident of Ashenzari's Esteem {vamp, Fly
                  | Str+2 Int+3}
 19322 | Lair:6   | Reached XP level 15. HP: 72/97 MP: 15/15
 20069 | Orc:1    | Entered Level 1 of the Orcish Mines
 20338 | Orc:1    | Noticed an orc warlord
 20435 | Orc:1    | Killed an orc warlord
 20505 | Orc:1    | Reached ****** piety under Trog
 20509 | Orc:1    | Noticed an orc warlord
 20566 | Orc:1    | Killed an orc warlord
 21034 | Orc:2    | Entered Level 2 of the Orcish Mines
 21066 | Orc:2    | Found a staircase to the Elven Halls.
 21067 | Orc:2    | Noticed Donald
 21080 | Orc:2    | Killed Donald
 21170 | Orc:2    | Noticed Azrael
 21217 | Orc:2    | Killed Azrael
 21279 | Orc:2    | Received a gift from Trog
 21344 | Orc:2    | Found a flickering gateway to a bazaar.
 21379 | Bazaar   | Entered a bazaar
 21394 | Bazaar   | Found Timeck's Jewellery Shoppe.
 21394 | Bazaar   | Found Kaimeitu's Antique Weapon Emporium.
 21415 | Bazaar   | Found Xaovetah's Weapon Shoppe.
 21415 | Bazaar   | Found Jialoc's Antique Armour Emporium.
 21437 | Bazaar   | Found Fanidgh's Magic Scroll Shoppe.
 21437 | Bazaar   | Found Uraqes's Assorted Antiques.
 21470 | Bazaar   | Bought a scroll of acquirement for 780 gold pieces
 21470 | Bazaar   | Bought a scroll of fear for 52 gold pieces
 21470 | Bazaar   | Bought a scroll of fog for 30 gold pieces
 21470 | Bazaar   | Bought a scroll of magic mapping for 52 gold pieces
 21470 | Bazaar   | Bought a scroll of enchant weapon for 112 gold pieces
 21496 | Bazaar   | Bought an encrusted chain mail for 142 gold pieces
 21496 | Bazaar   | Identified the +0 chain mail of the Postmodern Teeth {-Cast
                  | +Blink rC+ Stlth+} (You bought it in a shop in a bazaar)
 21498 | Bazaar   | Bought a shiny buckler for 112 gold pieces
 21500 | Bazaar   | Bought a masterwork ring mail for 135 gold pieces
 21500 | Bazaar   | Identified the +5 ring mail "Noivutwo" {*Slow +Inv rN+
                  | rCorr} (You bought it in a shop in a bazaar)
 21514 | Bazaar   | Bought a scroll of magic mapping for 122 gold pieces
 21514 | Bazaar   | Bought a potion of curing for 105 gold pieces
 21612 | Orc:2    | Found Qifulaik's Antique Armour Shop.
 22093 | Orc:2    | Noticed an orc warlord
 22121 | Orc:2    | Killed an orc warlord
 22242 | Orc:2    | Found Vutwuf's Antique Weapon Shop.
 22245 | Orc:2    | Found Vidorod's Antique Armour Boutique.
 22309 | Orc:2    | Noticed Snorg
 22326 | Orc:2    | Killed Snorg
 22395 | Orc:2    | Found Puqidief's Book Shop.
 22533 | Orc:2    | Found a runed translucent door.
 22924 | D:3      | Killed QuickerDeath's ghost
 23049 | D:3      | Killed Eustachio
 23266 | D:12     | Noticed Lodul
 23323 | D:11     | Killed Lodul
 23523 | D:12     | Found a runed translucent gate.
 23673 | D:12     | Found a runed translucent gate.
 23674 | D:12     | Found a runed translucent gate.
 23967 | D:12     | Identified the +1 robe of the Meadowlark {rF+ Dex-5 Slay+3}
 24219 | D:13     | Received a gift from Trog
 24245 | D:13     | Found a portal to a secret trove of treasure.
 24264 | D:13     | Found Doeskif's Antique Weapon Shop.
 24299 | D:13     | Found Otiq's Book Shop.
 24499 | D:13     | Found an opulent altar of Gozag.
 24509 | D:13     | Reached skill level 10 in Evocations
 24558 | D:13     | Found a gate to the Vaults.
 24563 | D:13     | Reached XP level 16. HP: 106/106 MP: 16/16
 24566 | D:13     | Reached skill level 10 in Throwing
 24592 | D:13     | Reached skill level 10 in Shields
 24944 | D:13     | Found Homnonn's Antique Armour Shop.
 25095 | D:13     | Bought an ichor-stained ring mail for 171 gold pieces
 25095 | D:13     | Identified the +1 ring mail of Paranoia {Fly rElec Dex-4
                  | Stlth+} (You bought it in a shop on level 13 of the
                  | Dungeon)
 25437 | D:14     | Cast into level 3 of the Abyss (a wizard)
 25439 | Abyss:3  | Found a corrupted altar of Lugonu.
 25540 | Abyss:5  | Entered Level 5 of the Abyss
 25570 | Abyss:5  | Noticed a tentacled starspawn
 25583 | Abyss:5  | Killed a tentacled starspawn
 25744 | Abyss:5  | Found a sacrificial altar of Ru.
 25960 | Abyss:5  | Noticed a quicksilver dragon
 25978 | Abyss:5  | Killed a quicksilver dragon
 25993 | Abyss:5  | Noticed a tentacled starspawn
 26005 | Abyss:5  | Killed a tentacled starspawn
 26012 | D:14     | Escaped the Abyss
 26475 | D:14     | Noticed Rupert
 26495 | D:14     | Killed Rupert
 27429 | D:15     | Entered Level 15 of the Dungeon
 27469 | D:15     | Acquired the +2 pair of boots of Hide-and-Seek {rN+ rCorr
                  | Slay+3}
 27639 | D:15     | Reached skill level 10 in Dodging
 27703 | D:15     | Found a staircase to the Depths.
 28178 | D:15     | Found a shimmering blue altar of Sif Muna.
 28515 | Orc:2    | Bought a fine plate armour for 924 gold pieces
 28515 | Orc:2    | Identified the +8 plate armour of the Good {Harm rN+ Dex-2
                  | Slay+3} (You bought it in a shop on level 2 of the Orcish
                  | Mines)
 28675 | Snake:1  | Entered Level 1 of the Snake Pit
 28743 | Snake:1  | Identified the +7 glaive "Feejysch" {antimagic, Dex+5}
                  | (Trog gifted it to you on level 1 of the Snake Pit)
 28743 | Snake:1  | Received a gift from Trog
 28856 | Snake:1  | Found Iprueqiw's Book Boutique.
 28857 | Snake:1  | Found Xeruxo's Jewellery Emporium.
 28857 | Snake:1  | Found Wesuwuot's Jewellery Emporium.
 29122 | Snake:1  | Reached skill level 15 in Fighting
 30098 | Snake:1  | Reached XP level 17. HP: 89/114 MP: 17/17
 31036 | Snake:2  | Received a gift from Trog
 32109 | Snake:3  | Identified the +3 scale mail of the Fifty Priests {Int+6
                  | Dex+4 SInv}
 32170 | Snake:3  | Found Beceat's Antique Weapon Boutique.
 32172 | Snake:3  | Found Lexe's Weapon Shop.
 32175 | Snake:3  | Found Yfib's Jewellery Boutique.
 32180 | Snake:3  | Bought 2 silver boomerangs for 48 gold pieces
 32180 | Snake:3  | Bought 3 curare-tipped darts for 28 gold pieces
 32780 | Snake:4  | Entered Level 4 of the Snake Pit
 32900 | Snake:4  | Noticed Louise
 32909 | Snake:4  | Killed Louise
 32909 | Snake:4  | Received a gift from Trog
 32910 | Snake:4  | Reached XP level 18. HP: 120/120 MP: 18/18
 33991 | Snake:4  | Got a serpentine rune of Zot
 34015 | Snake:4  | Received a gift from Trog
 34329 | Swamp:1  | Entered Level 1 of the Swamp
 34782 | Swamp:1  | Reached skill level 15 in Evocations
 34788 | Swamp:1  | Identified the +2 pair of boots "Ucuboag" {rElec Dex+4}
 35048 | Swamp:1  | Noticed Nikola
 35075 | Swamp:1  | Killed Nikola
 36258 | Swamp:3  | Noticed a tentacled monstrosity
 36275 | Swamp:3  | Identified the +8 quarterstaff "Rotten Ogreslayer" {vorpal,
                  | Str+5} (Trog gifted it to you on level 3 of the Swamp)
 36275 | Swamp:3  | Received a gift from Trog
 36276 | Swamp:3  | Reached XP level 19. HP: 104/125 MP: 19/19
 36305 | Swamp:3  | Killed a tentacled monstrosity
 36788 | Swamp:3  | Noticed Bai Suzhen
 37084 | Swamp:2  | Killed Bai Suzhen
 37718 | Swamp:4  | Entered Level 4 of the Swamp
 39302 | Swamp:4  | Received a gift from Trog
 39333 | Swamp:4  | Identified the +2 leather armour "Loqizud" {rN+}
 40008 | Elf:1    | Entered Level 1 of the Elven Halls
 40021 | Elf:1    | Found Uloarphee's Armour Shop.
 40403 | Elf:1    | Noticed a Hell Sentinel
 40544 | Elf:1    | Got the Collected Works on Creation
 40563 | Elf:1    | Got the Compendium of the Barber Surgeon
 40998 | Elf:1    | Paralysed by an air elemental for 1 turns
 41605 | Elf:2    | Paralysed by an air elemental for 1 turns
 41618 | Elf:2    | Paralysed by an air elemental for 1 turns
 41682 | Elf:2    | Paralysed by an air elemental for 1 turns
 41852 | Elf:2    | Reached XP level 20. HP: 134/134 MP: 20/20
 41898 | Elf:2    | Reached skill level 15 in Throwing
 41915 | Elf:2    | Received a gift from Trog
 42043 | Elf:2    | Found a runed translucent gate.
 42043 | Elf:2    | Found a runed translucent gate.
 42043 | Elf:2    | Found a runed translucent gate.
 42210 | Elf:3    | Entered Level 3 of the Elven Halls
 42255 | Elf:3    | Found a magical portal.
 42543 | Elf:3    | Found Kuatta's Weapon Shoppe.
 42690 | Elf:3    | Found Fysunar's Book Emporium.
 42732 | Elf:3    | Found Fiqaemy's Antique Weapon Shoppe.
 42943 | Elf:3    | Found Sozaghu Reqe's Armour Boutique.
 42986 | Elf:3    | Found Serujovve's Jewellery Emporium.
 43096 | Elf:3    | Noticed a Tzitzimitl
 43114 | Elf:3    | Received a gift from Trog
 43118 | Elf:3    | Identified the +5 falchion "Buodgh" {vorpal, Stlth+}
 43790 | Elf:3    | Gained mutation: You tend to lose your temper in combat. [a
                  | neqoxec]
 43985 | Elf:3    | Found Kuatta's Weapon Shoppe.
 44106 | Elf:3    | Found Fysunar's Book Emporium.
 44116 | Elf:3    | Found Fiqaemy's Antique Weapon Shoppe.
 44160 | Elf:3    | Identified the +0 leather armour of Defence {Int+2}
 44397 | Elf:3    | Found Serujovve's Jewellery Emporium.
 44926 | Elf:3    | Identified the +6 dagger of Enoozaig {holy, Dex+2}
 44926 | Elf:3    | Identified the ring of Kuapam {rCorr EV+4 Int+5}
 45183 | Elf:3    | Found Serujovve's Jewellery Emporium.
 45324 | Elf:3    | Found Sozaghu Reqe's Armour Boutique.
 45387 | Elf:3    | Found Kuatta's Weapon Shoppe.
 45509 | Elf:3    | Found Fysunar's Book Emporium.
 45519 | Elf:3    | Found Fiqaemy's Antique Weapon Shoppe.
 45994 | Elf:3    | Identified the +11 chain mail "Yschi" {Int+2 SInv}
 46165 | Elf:3    | Found Sozaghu Reqe's Armour Boutique.
 46193 | Elf:3    | Found Kuatta's Weapon Shoppe.
 46315 | Elf:3    | Found Fysunar's Book Emporium.
 46325 | Elf:3    | Found Fiqaemy's Antique Weapon Shoppe.
 46418 | Elf:3    | Found Serujovve's Jewellery Emporium.
 46963 | Vaults:1 | Entered Level 1 of the Vaults
 47346 | Vaults:1 | Reached skill level 15 in Armour
 47621 | Vaults:1 | Reached XP level 21. HP: 141/141 MP: 21/21
 47771 | Vaults:1 | Received a gift from Trog
 48134 | Vaults:1 | Noticed Saint Roka
 48148 | Vaults:1 | Killed Saint Roka
 48429 | Vaults:1 | Found Inushrie's General Store.
 48488 | Vaults:1 | Bought a wand of paralysis (4) for 102 gold pieces
 48489 | Vaults:1 | Lost mutation: You tend to lose your temper in combat.
                  | [potion of mutation]
 48489 | Vaults:1 | Gained mutation: You occasionally shout uncontrollably at
                  | your foes. [potion of mutation]
 48489 | Vaults:1 | Gained mutation: You frequently scream uncontrollably at
                  | your foes. [potion of mutation]
 48490 | Vaults:1 | Lost mutation: You frequently scream uncontrollably at your
                  | foes. [potion of mutation]
 48490 | Vaults:1 | Lost mutation: You occasionally shout uncontrollably at
                  | your foes. [potion of mutation]
 48490 | Vaults:1 | Gained mutation: You are weak. (Str -2) [potion of
                  | mutation]
 48490 | Vaults:1 | Gained mutation: You have a pair of small antennae on your
                  | head. [potion of mutation]
 49461 | Vaults:2 | Received a gift from Trog
 49646 | Vaults:2 | Found a staircase to the Crypt.
 49646 | Vaults:2 | Found a basalt altar of Yredelemnul.
 49674 | Vaults:2 | Found an ancient bone altar of Kikubaaqudgha.
 50125 | Vaults:2 | Paralysed by a great orb of eyes for 2 turns
 50991 | Vaults:3 | Lost mutation: You have a pair of small antennae on your
                  | head. [potion of mutation]
 50991 | Vaults:3 | Lost mutation: You are weak. (Str -2) [potion of mutation]
 50991 | Vaults:3 | Gained mutation: You have large cloven feet. [potion of
                  | mutation]
 51871 | Vaults:3 | Received a gift from Trog
 51956 | Vaults:3 | Reached XP level 22. HP: 147/147 MP: 22/22
 51988 | Vaults:3 | Found Cumm's Assorted Antiques.
 51995 | Vaults:3 | Bought a scroll of blinking for 360 gold pieces
 53690 | Vaults:4 | Received a gift from Trog
 54679 | Depths:1 | Entered Level 1 of the Depths
 54985 | Depths:1 | Found a radiant altar of Vehumet.
 55574 | Depths:1 | Found a one-way gate leading to the halls of Pandemonium.
 55626 | Depths:1 | Found a gateway to Hell.
 55629 | Depths:1 | Found a white marble altar of Elyvilon.
 55798 | Depths:1 | Received a gift from Trog
 56438 | Depths:2 | Reached XP level 23. HP: 155/155 MP: 23/23
 58155 | Depths:2 | Received a gift from Trog
 58435 | Depths:2 | Found a burning altar of Makhleb.
 58442 | Depths:2 | Reached skill level 15 in Shields
 58454 | Depths:2 | Identified the ring of the Writhing Gods {Fly rN+ MP+9
                  | Str+3}
 59206 | Elf:3    | Bought a manual of Dodging for 1200 gold pieces
 59683 | Depths:3 | Reached skill level 1 in Axes
 59807 | Depths:3 | Noticed Sojobo
 59827 | Depths:3 | Killed Sojobo
 60495 | Depths:3 | Reached skill level 15 in Dodging
 60602 | Depths:3 | Noticed a juggernaut
 60619 | Depths:3 | Killed a juggernaut
 60739 | Depths:3 | Found a sacrificial altar of Ru.
 60812 | Depths:4 | Entered Level 4 of the Depths
 60898 | Depths:4 | Found a one-way gateway to a ziggurat.
 61228 | Depths:4 | Noticed a golden dragon
 61243 | Depths:4 | Killed a golden dragon
 61244 | Depths:4 | Reached XP level 24. HP: 160/160 MP: 23/23
 61608 | Depths:4 | Found Pelax's Weapon Shop.
 61616 | Depths:4 | Bought 3 silver boomerangs for 63 gold pieces
 61987 | Depths:4 | Found a gate to the Realm of Zot.
 62063 | Depths:4 | Found the brooch of Shielding {Spirit SH+8}
 62500 | Slime:1  | Entered Level 1 of the Pits of Slime
 62504 | Slime:1  | Gained mutation: You tend to lose your temper in combat. [a
                  | shining eye]
 62505 | Slime:1  | Received a gift from Trog
 62534 | Slime:1  | Reached skill level 5 in Axes
 62877 | Slime:4  | Gained mutation: You are occasionally teleported next to
                  | monsters. [a shining eye]
 63224 | Slime:5  | Entered Level 5 of the Pits of Slime
 63275 | Slime:4  | Received a gift from Trog
 63436 | Slime:5  | Found a viscous altar of Jiyva.
 63437 | Slime:5  | Noticed the Royal Jelly
 63454 | Slime:5  | Killed the Royal Jelly
 63647 | Slime:5  | Got a slimy rune of Zot
 63657 | Slime:5  | Identified the +4 steam dragon scales "Jucvaucs" {Dex+3
                  | Stlth+}
 63684 | Slime:5  | Identified the +3 ring mail of Sufficient Beauty {*Slow
                  | rPois rCorr}
 64266 | Lair:6   | Killed Crownlay's ghost
 64300 | Lair:6   | Lost mutation: You have large cloven feet. [potion of
                  | mutation]
 64300 | Lair:6   | Lost mutation: You tend to lose your temper in combat.
                  | [potion of mutation]
 64300 | Lair:6   | Gained mutation: Your body sometimes deteriorates upon
                  | taking damage. [potion of mutation]
 64300 | Lair:6   | Gained mutation: Armour fits poorly on your strangely
                  | shaped body. [potion of mutation]
 64301 | Lair:6   | Lost mutation: Your body sometimes deteriorates upon taking
                  | damage. [potion of mutation]
 64301 | Lair:6   | Lost mutation: You are occasionally teleported next to
                  | monsters. [potion of mutation]
 64301 | Lair:6   | Gained mutation: You have large cloven feet. [potion of
                  | mutation]
 64665 | Vaults:5 | Entered Level 5 of the Vaults
 65024 | Vaults:4 | Reached XP level 25. HP: 162/165 MP: 23/23
 65025 | Vaults:4 | Identified the +9 spear of the Six Knaves {vorpal, rElec
                  | Dex+3} (Trog gifted it to you on level 4 of the Vaults)
 65025 | Vaults:4 | Received a gift from Trog
 65287 | Vaults:4 | Reached skill level 10 in Axes
 65662 | Vaults:5 | Noticed Mennas
 65890 | Vaults:5 | Killed Mennas
 65924 | Vaults:5 | Identified the +5 plate armour of Geynt {Harm rF++ rC+
                  | Will-}
 65979 | Vaults:5 | Got the Disquisition on Enchanting Transmigration
 66125 | Vaults:5 | Found Loixka's General Store.
 66125 | Vaults:5 | Noticed an ancient lich
 66152 | Vaults:5 | Killed an ancient lich
 66195 | Vaults:5 | Got a silver rune of Zot
 66492 | Vaults:5 | Identified the ring "Xuexkano" {rElec rN++ Will- MP+9
                  | Dex+2}
 66660 | Vaults:5 | Noticed an ancient lich
 67352 | Vaults:5 | Found Yfowit's Antique Armour Shoppe.
 67357 | Vaults:5 | Bought a pair of transparent gloves for 361 gold pieces
 67357 | Vaults:5 | Identified the +1 pair of gloves of the Mackerel {Fly rPois
                  | Int+3 Dex-2} (You bought it in a shop on level 5 of the
                  | Vaults)
 67520 | Vaults:5 | Killed an ancient lich
 67749 | Vaults:5 | Noticed an ancient lich
 67775 | Vaults:5 | Killed an ancient lich
 68035 | Vaults:5 | Found Yfowit's Antique Armour Shoppe.
 68082 | Vaults:5 | Found Loixka's General Store.
 68367 | Vaults:5 | Bought a translucent cloak for 361 gold pieces
 68367 | Vaults:5 | Identified the +0 cloak "Pyrropia" {Dex+8} (You bought it
                  | in a shop on level 5 of the Vaults)
 68516 | Crypt:1  | Entered Level 1 of the Crypt
 68518 | Crypt:1  | Noticed Khufu
 68532 | Vaults:2 | Killed Khufu
 68596 | Crypt:1  | You are sucked into a shaft and drop 1 floor!
 69246 | Crypt:2  | Reached XP level 26. HP: 116/174 MP: 16/23
 70734 | Crypt:1  | Identified the +2 war axe "Vuemaden" {vorpal, rElec rPois
                  | Stlth+} (Trog gifted it to you on level 1 of the Crypt)
 70734 | Crypt:1  | Received a gift from Trog
 71354 | Crypt:3  | Entered Level 3 of the Crypt
 71354 | Crypt:3  | Noticed Jory
 71381 | Crypt:3  | Killed Jory
 71463 | Crypt:3  | Identified the +3 scale mail of Patterns {Str+5}
 72112 | Crypt:3  | Paralysed by a sphinx for 4 turns
 72134 | Crypt:3  | Received a gift from Trog
 72202 | Crypt:3  | Identified the +1 lajatang of Sikunka {holy, rElec rF+
                  | Will-}
 72206 | Crypt:3  | Identified the +4 scimitar of Cioseck {speed, rPois rN++
                  | Dex-5}
 72320 | Crypt:3  | Identified the +9 plate armour of the Ant {+Inv rCorr}
 72697 | Crypt:3  | Found a staircase to the Tomb.
 72697 | Crypt:3  | Noticed a dread lich
 72700 | Crypt:3  | Paralysed by a dread lich for 4 turns
 72713 | Crypt:3  | Killed a dread lich
 72829 | Crypt:3  | Found an ancient bone altar of Kikubaaqudgha.
 72857 | Crypt:3  | Noticed an ancient lich
 72877 | Crypt:3  | Killed an ancient lich
 72919 | Crypt:3  | Noticed a dread lich
 72936 | Crypt:3  | Killed a dread lich
 73339 | Crypt:3  | Upgraded the game from 0.29-a0-559-g359e09b9d1 to
                  | 0.29-a0-563-g64e4043184
 73833 | Swamp:4  | Found a blossoming altar of Fedhas.
 73861 | Swamp:4  | Found a basalt altar of Yredelemnul.
 73873 | Swamp:4  | Got a decaying rune of Zot
 75415 | Zot:1    | Entered Level 1 of the Realm of Zot
 75420 | Zot:1    | Noticed an orb of fire
 75433 | Zot:1    | Gained mutation: You are agile. (Dex +2) [an orb of fire]
 75440 | Zot:1    | Killed an orb of fire
 76117 | Zot:1    | Identified the +0 helmet of the Iron Devil {Harm Dex+4
                  | SInv}
 77053 | Zot:2    | Received a gift from Trog
 77287 | Zot:2    | Noticed a Killer Klown
 77320 | Zot:2    | Reached XP level 27. HP: 166/179 MP: 22/23
 78682 | Vaults:3 | Bought a potion of cancellation for 384 gold pieces
 78682 | Vaults:3 | Bought a potion of curing for 144 gold pieces
 78682 | Vaults:3 | Bought a potion of curing for 144 gold pieces
 79041 | D:2      | Bought 2 potions of cancellation for 224 gold pieces
 79041 | D:2      | Bought a potion of curing for 42 gold pieces
 79041 | D:2      | Bought 2 potions of curing for 84 gold pieces
 79041 | D:2      | Bought a potion of mutation for 112 gold pieces
 79348 | Vaults:1 | Bought a potion of mutation for 136 gold pieces
 80046 | Zot:3    | Acquired 1053 gold pieces
 80576 | Zot:3    | Received a gift from Trog
 81783 | Zot:3    | Noticed an ancient lich
 81801 | Zot:3    | Killed an ancient lich
 81826 | Zot:3    | Noticed an orb of fire
 81848 | Zot:3    | Gained mutation: You are dopey. (Int -2) [an orb of fire]
 81851 | Zot:3    | Lost mutation: You are agile. (Dex +2) [an orb of fire]
 81856 | Zot:3    | Killed an orb of fire
 83533 | Zot:4    | Noticed an orb of fire
 83542 | Zot:4    | Gained mutation: You tend to lose your temper in combat.
                  | [an orb of fire]
 83543 | Zot:4    | Killed an orb of fire
 83737 | Zot:5    | Entered Level 5 of the Realm of Zot
 84488 | Zot:5    | Received a gift from Trog
 84521 | Zot:5    | Lost mutation: You are dopey. (Int -2) [potion of mutation]
 84521 | Zot:5    | Lost mutation: Armour fits poorly on your strangely shaped
                  | body. [potion of mutation]
 84521 | Zot:5    | Gained mutation: Your natural rate of healing is unusually
                  | fast. [potion of mutation]
 84521 | Zot:5    | Gained mutation: Your flesh is heat resistant. (rF+)
                  | [potion of mutation]
 84521 | Zot:5    | Lost mutation: You tend to lose your temper in combat.
                  | [potion of mutation]
 84629 | Zot:5    | Noticed an orb of fire
 84635 | Zot:5    | Noticed a dread lich
 84638 | Zot:5    | Noticed a dread lich
 84641 | Zot:5    | Noticed an orb of fire
 84642 | Zot:5    | Killed a dread lich
 84644 | Zot:5    | Killed an orb of fire
 84651 | Zot:5    | Killed an orb of fire
 84653 | Zot:5    | Killed a dread lich
 84659 | Zot:5    | Noticed an orb of fire
 84672 | Zot:5    | Gained mutation: Your magical capacity is low. (-10% MP)
                  | [an orb of fire]
 84675 | Zot:5    | Killed an orb of fire
 84681 | Zot:5    | Noticed a dread lich
 84694 | Zot:5    | Killed a dread lich
 84707 | Zot:5    | Noticed an orb of fire
 84711 | Zot:5    | Gained mutation: You tend to lose your temper in combat.
                  | [an orb of fire]
 84723 | Zot:5    | Gained mutation: You are frail. (-10% HP) [an orb of fire]
 84730 | Zot:5    | Gained mutation: You are very frail. (-20% HP) [an orb of
                  | fire]
 84736 | Zot:5    | Gained mutation: Your body sometimes deteriorates upon
                  | taking damage. [an orb of fire]
 84737 | Zot:5    | Killed an orb of fire
 84900 | Zot:5    | Noticed an ancient lich
 84930 | Zot:5    | Killed an ancient lich
 85339 | Zot:5    | Noticed a dread lich
 85370 | Zot:5    | Killed a dread lich
 87503 | Zot:5    | Lost mutation: Your natural rate of healing is unusually
                  | fast. [potion of mutation]
 87503 | Zot:5    | Lost mutation: You tend to lose your temper in combat.
                  | [potion of mutation]
 87503 | Zot:5    | Gained mutation: You are extremely frail. (-30% HP) [potion
                  | of mutation]
 87504 | Zot:5    | Lost mutation: Your magical capacity is low. (-10% MP)
                  | [potion of mutation]
 87504 | Zot:5    | Lost mutation: Your body sometimes deteriorates upon taking
                  | damage. [potion of mutation]
 87504 | Zot:5    | Lost mutation: You are extremely frail. (-30% HP) [potion
                  | of mutation]
 87563 | Zot:5    | Got the Orb of Zot
 87568 | Zot:5    | Noticed Emogubbiejud the pandemonium lord
 87918 | D:14     | Noticed Pakuqekh the pandemonium lord
 88265 | D:$      | Escaped with the Orb!

Illustrated notes

Levels and vault maps discovered:
D:1:      roderic_crop_circles_arrival_small, layout_basic, serial_shops, shop,
          minmay_split_cup_large
D:2:      layout_loops_ring, serial_shops, shop, nicolae_diamond_shop, shop,
          shop, ebering_ecumenical_altar_abandoned
D:3:      layout_basic, gammafunk_ghost_grave
D:4:      layout_layer_cave, mainiacjoe_overflow_surrounded_room, uniq_eustachio
D:5:      layout_loops_ring, hangedman_abyss_or_decor_slice,
          amcnicky_altar_lugonu_corruption, uniq_sigmund
D:6:      layout_rooms
D:7:      layout_basic, temple_fountains, serial_shops, kennysheep_mini_moat
D:8:      layout_gridville, chequers_jeans, dreamdust_mushroom_princess,
          grunt_livestock, uniq_maurice
D:9:      layout_rooms, erik_lair_island, orc_0_dummy, uniq_erica
D:10:     layout_long_grid
D:11:     layout_roguey, hellmonk_guarded_unrand_gyre_and_gimble, uniq_erolcha,
          uniq_sonja
D:12:     layout_cave_pools, ploomutoo_gammafunk_ghost_potion_laboratory,
          uniq_lodul
D:13:     layout_irregular_city, david_vaults_5, nicolae_trove_entry_isolated,
          serial_shops, shop_fountains, nicolae_diamond_shop,
          nicolae_shop_statue_plus, nicolae_gozag_seed_capital
D:14:     layout_irregular_city, kennysheep_big_empty_room,
          minmay_curled_crystal, grunt_tough_drop, uniq_rupert
D:15:     grunt_enter_depths_hoard, layout_irregular_city, led_sif_pool,
          minmay_misc_feat_x, serial_bayou_pond_d
Lair:1:   layout_loops_ring, gauntlet_entry_generic, serial_bayou_shore_b
Lair:2:   layout_regular_city
Lair:3:   layout_small_grid, grunt_forest_large_clearings
Lair:4:   layout_hall_layers, skrybe_swamp_entry_bodies,
          guppyfry_snake_entry_garden, lookout_lair_type
Lair:5:   layout_hall_layers, portal_ice_cave_rime
Lair:6:   hangedman_lair_caniforms_friends, layout_regular_city, slime_altar_2,
          serial_forest, infiniplex_forest_lined_4_way,
          infiniplex_forest_lined_2, infiniplex_forest_diagonal,
          infiniplex_forest_straight_4, infiniplex_forest_lined_3_way,
          infiniplex_forest_lined_3_way, infiniplex_forest_corner_1,
          ebering_ghost_funeral_grove, uniq_josephine
Swamp:1:  layout_basic_swamp, serial_swamp_ruin, evilmike_swamp_ruin_house_2,
          hangedman_swamp_ruin_hall, evilmike_swamp_ruin_rubble_1,
          nicolae_swamp_well_well_well, uniq_nikola
Swamp:2:  layout_basic_swamp, evilmike_swamp_ruin_rubble_2
Swamp:3:  layout_basic_swamp, hangedman_swamp_ruin_wall, swamp_pool1,
          uniq_bai_suzhen
Swamp:4:  byrel_swamp_growth_death_and_undeath, layout_basic_swamp
Snake:1:  layout_onion, statue_in_the_mist_lemuel, grunt_megastairs_2,
          serial_bayou_shore_a, serial_bayou_shore_b, minmay_shop_grove
Snake:2:  layout_rooms
Snake:3:  layout_cave_town, minmay_shop_star
Snake:4:  snake_hunt, layout_onion_interference, grunt_megastairs_5, uniq_louise
Slime:1:  nicolae_slime_jelly_donut, layout_caves
Slime:2:  layout_caves
Slime:3:  layout_caves, cheibrodos_slime_lost_civilization_4
Slime:4:  layout_caves
Slime:5
Orc:1:    layout_diamond_mine
Orc:2:    grunt_orc_community_town_hall, layout_caves,
          grunt_orc_community_big_house_2, grunt_orc_community_big_house_1,
          grunt_orc_community_house_3, grunt_orc_community_house_1,
          grunt_orc_community_house_2, grunt_orc_community_house_3,
          grunt_orc_community_house_3, serial_shops, bzr_entry_water,
          basic_altar, lightli_church_of_beogh, uniq_azrael, uniq_donald,
          uniq_snorg
Elf:1:    layout_loops_ring, serial_shops, nicolae_shop_behind_doors,
          minmay_elf_demonology, minivault_16
Elf:2:    nicolae_elf_blades_crystal_corner, layout_geoelf_grid
Elf:3:    minmay_elf_hall_quartered_circle, layout_onion_city,
          lightli_enter_wizlab_magi_temple, serial_shops, shop, shop, shop,
          nicolae_square_shop, shop
Vaults:1: nicolae_vaults_little_ls, v_rooms_2, v_misc_9,
          vaults_room_hangedman_quadrants, hangedman_vaults_variations,
          v_misc_10, vaults_dpeg_diagonal, v_rooms_1,
          nicolae_vaults_little_squares_2, layout_vaults_omnigrid, serial_shops,
          shop, uniq_saint_roka
Vaults:2: nicolae_vaults_puzzle_piece, minmay_crypt_entry_necro_gods,
          ontoclasm_vaults_spin, v_misc_8, v_misc_22, st_diamondy,
          vaults_room_fancy_cross, hangedman_vaults_nails,
          nicolae_vaults_alarming, v_alt_pattern_4,
          ontoclasm_vaults_ring_square, layout_vaults_maze
Vaults:3: nicolae_vaults_little_squares_6, v_misc_14, v_misc_11, v_pattern_2,
          grunt_vaults_focal, nicolae_vaults_little_squares_3, vaults_mumra_hex,
          st_cells, ontoclasm_vaults_ring_small, v_misc_10,
          vaults_standard_mumra_x, nicolae_vaults_triangles, vaults_room_pool,
          layout_vaults_big_room, serial_glass, serial_shops, shop
Vaults:4: nicolae_vaults_display_case, vaults_room_grid, ontoclasm_vaults_chip,
          grunt_vaults_bifocal, ontoclasm_vaults_eye, v_rooms_6,
          grunt_vaults_swirl, ontoclasm_vaults_claustrophobia,
          ontoclasm_vaults_decontamination, nicolae_vaults_little_squares_6,
          vaults_dpeg_hooks, v_misc_18, layout_vaults_big_cross
Vaults:5: uniq_mennas
Crypt:1:  grunt_deathspiral_small, layout_basic, corexii_leaking_fountain,
          uniq_khufu
Crypt:2:  layout_basic
Crypt:3:  quadcrypt_mu, uniq_jory
Depths:1: layout_big_octagon, rand_demon_pan_entry_7, lemuel_tele_altar,
          serial_co_window_serial, co_window_paths_b, co_window_cross_1,
          co_window_corner_a, co_window_paths_a, co_window_of_opportunity_a,
          co_window_broadway_c, co_window_corner_ca, co_window_broadway_a,
          co_window_cross_4, co_window_unsneaky_path_a, co_window_broadway_b,
          co_window_cross_3, co_window_paths_e, glass_columns_b, hell_entry,
          nicolae_elyvilon_peaceful_grove, serial_bayou_shore_b
Depths:2: evilmike_makhleb_hellhole, layout_cave_shapes,
          kennysheep_cluttered_room, pan_entry, hell_entry,
          serial_bayou_shore_b, grunt_megastairs_4
Depths:3: minmay_open_boxes_in_corner, layout_cave_pools,
          nicolae_ru_awakened_eye, lightli_too_deep, abyss_entry_glasseish,
          infiniplex_staircase_spiral, uniq_sojobo
Depths:4: evilmike_zot_entry_hall, layout_small_grid, enter_ziggurat_d,
          pan_entry, serial_shops, shop, hell_entry
Zot:1:    layout_basic, st_stairs_12, grunt_ministairs_7, grunt_megastairs_1
Zot:2:    layout_gridlike
Zot:3:    layout_misc_corridors, hangedman_player_shredder
Zot:4:    layout_gridville, grunt_megastairs_3
Zot:5:    layout_cathedral_of_symmetry

Skill      XL: |  1  2  3  4  5  6  7  8  9 10 11 12 13 14 15 16 17 18 19 20 21 22 23 24 25 26 27 |
---------------+----------------------------------------------------------------------------------+-----
Polearms       | 3 4 5 6 7 9 10 11 12 13 14 | 14.0
Armour         | 3 4 5 6 7 8 9 10 11 12 13 15 16 17 18 20 | 20.0
Fighting       | 4 5 6 8 10 11 12 14 15 16 17 18 19 20 22 | 22.0
Evocations     | 2 3 5 6 7 8 10 13 15 16 17 18 19 21 22 | 22.0
Throwing       | 1 3 5 6 7 8 9 10 13 14 16 22 | 22.5
Shields        | 3 5 7 9 10 13 14 15 | 15.0
Dodging        | 3 4 6 7 10 11 12 13 15 18 | 18.0
Axes           | 4 9 13 | 13.5

Action                   |  1- 3 |  4- 6 |  7- 9 | 10-12 | 13-15 | 16-18 | 19-21 | 22-24 | 25-27 || total
-------------------------+-------+-------+-------+-------+-------+-------+-------+-------+-------++-------
Melee: Spear             |   166 |   128 |    93 |       |       |       |       |       |       ||   387
       Punch             |     1 |       |       |       |       |       |       |       |       ||     1
       Trident           |       |       |   512 |   866 |   254 |       |       |       |       ||  1632
       Glaive            |       |       |       |       |   413 |       |       |       |       ||   413
       Demon trident     |       |       |       |       |   921 |  1544 |  1857 |  2014 |  3394 ||  9730
Throw: Dart              |       |       |       |     3 |    13 |     1 |       |       |     9 ||    26
       Boomerang         |       |       |       |     6 |     2 |    22 |    47 |   139 |   106 ||   322
       Javelin           |       |       |       |       |       |       |     2 |    15 |    33 ||    50
       Throwing net      |       |       |       |       |       |       |       |       |     3 ||     3
Invok: Berserk           |     1 |     5 |     7 |    13 |     5 |     1 |     3 |     6 |     9 ||    50
       Trog's Hand       |       |       |     4 |     4 |     2 |     7 |    20 |    19 |    21 ||    77
       Brothers in Arms  |       |       |       |     1 |     5 |     4 |     3 |     4 |    11 ||    28
Evoke: Wand              |       |       |       |    14 |     3 |    14 |    19 |     4 |    13 ||    67
       Condenser vane    |       |       |       |       |     3 |     2 |     2 |     2 |     2 ||    11
       Tin of tremorston |       |       |       |       |       |       |     2 |     8 |     8 ||    18
       Box of beasts     |       |       |       |       |       |       |       |     1 |     2 ||     3
  Use: Scroll            |       |       |    18 |     9 |     6 |     8 |     2 |     8 |    25 ||    76
       Potion            |       |       |       |     1 |     2 |     2 |     5 |     2 |    18 ||    30
 Stab: Confused          |       |       |       |       |     6 |       |       |       |       ||     6
       Distracted        |       |       |       |       |     2 |     1 |       |     3 |     6 ||    12
       Petrified         |       |       |       |       |     2 |       |       |       |       ||     2
Armor: Animal skin       |    13 |       |       |       |       |       |       |       |       ||    13
       Ring mail         |    30 |       |       |       |       |       |       |       |       ||    30
       Plate armour      |       |    79 |   312 |   418 |   479 |   413 |   497 |       |       ||  2198
       Acid dragon scale |       |       |       |       |    31 |       |       |       |       ||    31
       Chain mail        |       |       |       |       |     9 |       |   166 |   626 |   748 ||  1549
       Skin              |       |       |       |       |       |       |       |       |     2 ||     2
Dodge: Dodged            |    83 |    28 |    97 |   240 |   542 |   381 |   511 |   649 |   956 ||  3487
Block: Buckler           |       |    33 |   178 |   317 |   256 |       |       |       |       ||   784
       Reflection        |       |     3 |     1 |     6 |    12 |   100 |    93 |    28 |       ||   243
       Other             |       |       |       |       |   100 |       |       |       |       ||   100
       Kite shield       |       |       |       |       |   185 |   785 |   958 |  1290 |  2278 ||  5496

Table legend: (Time is in decaauts)
 A = Elapsed time spent in this place.
 B = Non-inter-level travel time spent in this place.
 C = Inter-level travel time spent in this place.
 D = Time resting spent in this place.
 E = Time spent auto-exploring this place.
 F = Levels seen in this place.
 G = Mean time per level.
                   A        B        C        D        E       F      G
               +--------+--------+--------+--------+--------+-----+--------+
         Total |  85679 |  75627 |  10052 |  17432 |  27358 |  62 | 1381.9 |
       Dungeon |  19467 |  16238 |   3229 |   3302 |   7322 |  15 | 1297.8 |
          Lair |   7983 |   7033 |    950 |   1361 |   2550 |   6 | 1330.5 |
         Swamp |   5290 |   4952 |    338 |   2057 |    955 |   4 | 1322.5 |
     Snake Pit |   5396 |   5016 |    380 |   1448 |   1273 |   4 | 1349.0 |
    Slime Pits |   1666 |   1647 |     19 |    837 |      0 |   5 |  333.2 |
  Orcish Mines |   2679 |   2196 |    483 |    202 |    513 |   2 | 1339.5 |
   Elven Halls |   6825 |   6540 |    285 |   1619 |   3129 |   3 | 2275.0 |
        Vaults |  12346 |  10317 |   2029 |   2135 |   4118 |   5 | 2469.2 |
         Crypt |   4926 |   4208 |    718 |    470 |   1842 |   3 | 1642.0 |
        Depths |   7362 |   6442 |    920 |   1922 |   2048 |   4 | 1840.5 |
           Zot |   9873 |   9178 |    695 |   1599 |   3486 |   5 | 1974.6 |
         Abyss |    543 |    543 |      0 |     23 |      0 |   3 |  181.0 |
        Bazaar |    151 |    151 |      0 |      0 |     67 |   1 |  151.0 |
      Ice Cave |   1062 |   1062 |      0 |    452 |     55 |   1 | 1062.0 |
      Gauntlet |    104 |    104 |      0 |      0 |      0 |   1 |  104.0 |
               +--------+--------+--------+--------+--------+-----+--------+

Top non-repeatable levels by time:
   Elf:3: 4208 daAuts
   Zot:5: 3372 daAuts
Vaults:1: 2906 daAuts
Vaults:5: 2659 daAuts
Vaults:4: 2483 daAuts
Depths:2: 2342 daAuts
Vaults:3: 2169 daAuts
Vaults:2: 2128 daAuts
 Crypt:3: 2099 daAuts
  Lair:6: 1909 daAuts
    D:14: 1890 daAuts
     D:8: 1863 daAuts
  Lair:3: 1856 daAuts
Depths:1: 1824 daAuts
Depths:4: 1795 daAuts
